 Dungeon Crawl Stone Soup version 0.14.1-1-g650416f (webtiles) character file.

5033 Leibowitz the Ducker (level 10, -8/81 HPs)
             Began as a Demigod Enchanter on Apr 29, 2014.
             Mangled by an orc warrior
             ... wielding the +5,+10 whip "Snakebite" {venom, rPois}
              (11 damage)
             ... on Level 9 of the Dungeon on May 1, 2014.
             The game lasted 00:56:25 (11813 turns).

Leibowitz the Ducker (Demigod Enchanter)           Turns: 11813, Time: 00:56:25

HP  -8/81        AC 13     Str 12      XL: 10   Next:  5%
MP  21/27        EV 17     Int 15 (28) God:
Gold 180         SH  0     Dex 20      Spells:  4 memorised, 14 levels left

rFire  + . .     SeeInvis .     a - +3,+2 short sword (protect)
rCold  . . .     Clarity  .     o - +1 robe
rNeg   . . .     Conserve .     (no shield)
rPois  .         rCorr    +     G - +0 helmet
rElec  .         rRot     .     j - +0 cloak
SustAb . .       Spirit   .     i - +1 pair of gloves
rMut   .         Warding  .     D - +0 pair of boots
Saprov . . .     Stasis   .     A - amulet of resist corrosion
MR     +....                    E - ring of protection from fire
                                n - +6 ring of intelligence

@: short of breath, lethally poisoned, slowed, very slow, somewhat resistant to
hostile enchantments, quite stealthy
A: no striking features
a: no special abilities


You were on level 9 of the Dungeon.
You were hungry.

You visited 1 branch of the dungeon, and saw 9 of its levels.
You also visited: Sewer.

You collected 316 gold pieces.
You spent 136 gold pieces at shops.

Inventory:

Hand weapons
 a - a +3,+2 short sword of protection (weapon)
 b - a +0 blowgun
 y - a +1,+1 dagger
Missiles
 d - 12 darts (quivered)
 u - 27 poisoned needles
 z - 2 throwing nets
 B - a stone
Armour
 i - a +1 pair of gloves (worn)
 j - a +0 cloak (worn)
 o - a +1 robe (worn)
 D - a +0 pair of boots (worn)
 G - a +0 helmet (worn)
Magical devices
 m - a wand of confusion (22)
Comestibles
 f - 8 bread rations
 g - 6 meat rations
 l - a sausage
 p - 3 chunks of orc flesh
Scrolls
 h - 2 scrolls of remove curse
 k - 2 scrolls of enchant armour
 s - 7 scrolls of identify
 t - 2 scrolls of enchant weapon I
 w - a scroll of fear
 C - a scroll of magic mapping
 L - a scroll of amnesia
Jewellery
 n - a +6 ring of intelligence (left hand)
 A - an amulet of resist corrosion (around neck)
 E - a ring of protection from fire (right hand)
Potions
 e - a potion of might
 q - a potion of flight
 r - a potion of curing
 v - 3 potions of heal wounds
 x - a potion of brilliance
 N - a potion of poison
Books
 c - a book of Maledictions

   Spells                             Type                      Level
   *Corona                            Hexes                        1
   *Sure Blade                        Hexes/Charms                 2
   *Ensorcelled Hibernation           Hexes/Ice                    2
   *Confuse                           Hexes                        3
   Enslavement                        Hexes                        4
   Invisibility                       Hexes                        6


   Skills:
 * Level 5.5 Fighting
 + Level 3.3 Short Blades
 + Level 1.5 Throwing
 + Level 6.6 Dodging
 + Level 5.6 Stealth
 * Level 6.5 Spellcasting
 + Level 5.5 Hexes
 + Level 1.5 Charms
 + Level 2.3 Ice Magic


You had 14 spell levels left.
You knew the following spells:

 Your Spells              Type           Power        Failure   Level  Hunger
a - Corona                Hex            ###....      1%          1    None
b - Ensorcelled Hibernat  Hex/Ice        ###...       4%          2    None
c - Confuse               Hex            ###.....     4%          3    ###....
d - Sure Blade            Hex/Chrm       ###.......   6%          2    None


Dungeon Overview and Level Annotations

Branches:
Dungeon (9/15)             Temple (0/1) D:4             Orc (0/4) D:9
   Lair (0/8) D:9

Shops:
D:6 [   D:7 *   D:9 :

Annotations:
D:4 exclusion: Grinder
D:5 5ubbak's ghost, experienced OpTm
D:9 exclusion: orange crystal statue


Message History

Press: ? - help, Shift-Dir - straight line, f/p - orc warrior
Aim: an orc warrior, wielding the +5,+10 whip "Snakebite" {venom, rPois} and wearing a runed chain mail The orc warrior is unaffected.
The orc warrior hits you with the +5,+10 whip "Snakebite" {venom, rPois}!
* * * LOW HITPOINT WARNING * * *
You are lethally poisoned!
You are more poisoned.
You have difficulty breathing.
* * * LOW HITPOINT WARNING * * *
You feel as though you will be slow longer.
Drink which item? (? for menu, Esc to quit)
You feel better.
The orc warrior hits you with the +5,+10 whip "Snakebite" {venom, rPois}!
* * * LOW HITPOINT WARNING * * *
You are poisoned.
You have difficulty breathing.
* * * LOW HITPOINT WARNING * * *
You feel as though you will be slow longer.
The orc warrior hits you with the +5,+10 whip "Snakebite" {venom, rPois}!
You die...

#######.Z........[........%..#.#
#..#....................###%.##
#.............##.....#.)#8#..
#............###..####.)###.. #
###..........#......# #.?[..####
#.........#...(..(# #........
##......((........# ##........
#..#..#..(....(..# #.........
########...o@.(.(####........
#......(..#...$.......
##....((.(...#........
###............#........
#.............##........
##.............#......#.
#..[.................##
#..#...................
##.#...................


You could see an orc warrior.

Vanquished Creatures
  Grinder (D:4)
  A hydra skeleton (D:9)
  A wyvern (D:8)
  A deep elf mage (D:6)
  2 hungry ghosts
  4 sky beasts
  An orc warrior (D:8)
  A water moccasin (D:9)
  2 phantoms
  5 centaurs
  2 black bears
  4 ogres
  Sigmund (D:5)
  2 big kobolds
  5 giant frogs
  A gnoll sergeant (D:6)
  2 scorpions
  A goliath beetle (D:9)
  A big fish (Sewer)
  A black bear zombie (D:5)
  3 hounds
  Crazy Yiuf (D:6)
  An iguana (D:8)
  5 orc wizards
  4 crimson imps
  7 orc priests
  A giant frog skeleton (D:6)
  4 worker ants
  An elf skeleton (D:8)
  11 gnolls
  12 adders
  3 green rats
  4 shadow imps
  A giant mite (D:2)
  An inept feature mimic (D:7)
  3 worms
  4 orc zombies
  An iguana skeleton (D:6)
  A giant eyeball (D:5)
  2 giant geckos
  3 oozes
  48 orcs
  2 ball pythons
  7 giant cockroaches
  16 goblins
  15 hobgoblins
  3 jackals
  27 kobolds
  13 bats
  5 giant newts
  2 kobold skeletons
  An orc skeleton (D:7)
  6 quokkas
  A quokka skeleton (D:5)
  11 rats
  A rat skeleton (D:5)
270 creatures vanquished.

Vanquished Creatures (others)
  A big kobold (D:7)
  An orc wizard (D:4)
  A giant spore (D:6)
3 creatures vanquished.

Grand Total: 273 creatures vanquished

Notes
Turn   | Place    | Note
--------------------------------------------------------------
     0 | D:1      | Leibowitz, the Demigod Enchanter, began the quest for the Orb.
     0 | D:1      | Reached XP level 1. HP: 14/14 MP: 3/3
   283 | D:1      | Reached skill level 1 in Short Blades
   493 | D:1      | Reached XP level 2. HP: 17/22 MP: 2/4
   497 | D:1      | Learned a level 2 spell: Ensorcelled Hibernation
  1314 | D:2      | Reached XP level 3. HP: 27/27 MP: 1/8
  1638 | D:2      | Reached skill level 1 in Fighting
  1638 | D:2      | Reached skill level 3 in Hexes
  2063 | D:3      | Reached XP level 4. HP: 10/35 MP: 8/10
  2347 | D:3      | Found a glowing drain.
  2373 | Sewer    | Entered a sewer
  2615 | Sewer    | Noticed a big kobold
  2642 | Sewer    | Killed a big kobold
  2642 | Sewer    | Reached skill level 1 in Ice Magic
  2642 | Sewer    | Reached XP level 5. HP: 37/41 MP: 7/12
  2916 | Sewer    | Found a glowing silver altar of Zin.
  3553 | D:3      | Found a radiant altar of Vehumet.
  3681 | D:4      | Learned a level 3 spell: Confuse
  4070 | D:4      | Reached XP level 6. HP: 44/48 MP: 8/15
  4382 | D:4      | Noticed Grinder
  4521 | D:4      | Noticed an ogre
  4537 | D:4      | Killed an ogre
  4537 | D:4      | Reached skill level 1 in Throwing
  4860 | D:4      | Found a staircase to the Ecumenical Temple.
  4977 | D:4      | Reached skill level 4 in Dodging
  5001 | D:3      | Reached XP level 7. HP: 21/56 MP: 16/19
  5240 | D:4      | Killed Grinder
  5244 | D:4      | Learned a level 2 spell: Sure Blade
  5351 | D:5      | Entered Level 5 of the Dungeon
  5784 | D:5      | Noticed Sigmund
  5813 | D:5      | Killed Sigmund
  5856 | D:5      | Reached skill level 5 in Dodging
  6056 | D:5      | Reached XP level 8. HP: 63/63 MP: 20/20
  6422 | D:5      | Noticed 5ubbak's ghost (experienced OpTm)
  6909 | D:6      | Found a glowing silver altar of Zin.
  6974 | D:6      | Found Jyataob's Antique Armour Boutique.
  7831 | D:6      | Noticed Crazy Yiuf
  7841 | D:6      | Killed Crazy Yiuf
  7846 | D:6      | Got an ichor-stained hammer
  7852 | D:6      | Got a transparent hammer
  7861 | D:6      | Identified the +4,+10 hammer "Zuephuozi" {antimagic, +Blink rC+ Str+4} (You found it on level 6 of the Dungeon)
  7862 | D:6      | Identified the cursed -2,+8 hammer of Charity {pain, +Inv rElec rF+} (You found it on level 6 of the Dungeon)
  8031 | D:7      | Reached skill level 5 in Spellcasting
  8031 | D:7      | Reached skill level 1 in Charms
  8228 | D:7      | Reached XP level 9. HP: 72/72 MP: 0/24
  8492 | D:7      | Found a deep blue altar of Sif Muna.
  8495 | D:7      | Found a blossoming altar of Fedhas.
  8498 | D:7      | Found an ancient bone altar of Kikubaaqudgha.
  8781 | D:7      | Found a burning altar of Makhleb.
  8794 | D:7      | Found a basalt altar of Yredelemnul.
  8832 | D:7      | Found Weunk's Assorted Antiques.
  8859 | D:7      | Bought a glowing dagger for 70 gold pieces
  8859 | D:7      | Bought a scroll labeled AMOUFI QISS for 35 gold pieces
  8859 | D:7      | Bought a slimy orange potion for 31 gold pieces
  8922 | D:7      | Reached skill level 5 in Stealth
  9188 | D:8      | Upgraded the game from 0.14.1 to 0.14.1-1-g650416f
  9550 | D:8      | Reached skill level 5 in Hexes
  9628 | D:8      | Reached skill level 6 in Spellcasting
  9735 | D:8      | Reached skill level 5 in Fighting
 10566 | D:9      | Found Cry Wyxa's Book Shop.
 10572 | D:9      | Found a staircase to the Lair.
 11560 | D:9      | Found a shimmering altar of Xom.
 11582 | D:9      | Reached XP level 10. HP: 53/81 MP: 16/27
 11612 | D:9      | Found a staircase to the Orcish Mines.
 11813 | D:9      | HP: 3/81 [asphyx]
 11813 | D:9      | Mangled by an orc warrior

Action                   |  1- 3 |  4- 6 |  7- 9 | 10-12 || total
-------------------------+-------+-------+-------+-------++-------
Melee: Dagger            |   104 |   190 |       |       ||   294
       Short sword       |       |    26 |   728 |    17 ||   771
 Fire: Blowgun           |     5 |    22 |    22 |     4 ||    53
Throw: Dart              |       |    10 |     2 |       ||    12
 Cast: Corona            |     7 |       |       |       ||     7
       Ensorcelled Hiber |    17 |    48 |    80 |     7 ||   152
       Confuse           |       |     4 |    37 |     1 ||    42
       Sure Blade        |       |       |    74 |       ||    74
Evoke: Wand              |       |       |     1 |     2 ||     3
  Use: Potion            |     2 |     8 |     5 |     1 ||    16
       Scroll            |     4 |     3 |     8 |     4 ||    19
 Stab: Sleeping          |    15 |    32 |    66 |     2 ||   115
       Confused          |       |     1 |    16 |       ||    17
       Distracted        |       |       |     2 |       ||     2
